[Event "Chessable English Open-ch 2022"]
[Site "Kenilwoth"]
[Date "2022.05.21"]
[Round "5.14"]
[White "Parker, Keith"]
[Black "Shearsby, Jude"]
[Result "0-1"]
[ECO "A49"]
[WhiteElo "1815"]
[BlackElo "1849"]
[Annotator "NA RC COMBH"]
[PlyCount "131"]
[EventDate "2022.05.18"]
[EventType "swiss"]
[EventCountry "ENG"]
[SourceTitle "playchess.com"]
[Source "ChessBase"]
[SourceQuality "1"]
[TimeControl "5400+30"]

1. d4 Nf6 2. Nf3 g6 3. g3 Bg7 4. Bg2 O-O 5. O-O d6 6. Bg5 c5 7. dxc5 dxc5 8. Qxd8 Rxd8 9. Nbd2 Na6 10. c3 Rb8 ({Better is} 10... Be6 $11) 11. Nc4 (11. Bf4 $14 {was preferrable.}) 11... Be6 12. Ne3 Nd5 (12... h6 $11 13. Bf4 Rbc8) 13. Nxd5 Bxd5 14. Rfe1 f6 15. e4 Bc6 16. Bf4 e5 17. Bd2 Rd7 18. c4 (18. Be3 $11) 18... Rbd8 19. Bc3 Rd3 20. Re2 Bh6 $17 21. Kf1 Nc7 22. Ke1 Ne6 23. Bd2 Bxe4 24. Rxe4 Bxd2+ 25. Nxd2 Rxd2 26. Re2 Rxe2+ 27. Kxe2 Nd4+ 28. Kf1 b6 29. a4 a5 30. Bd5+ Kf8 31. Rc1 Ke7 32. f4 Kd6 33. fxe5+ fxe5 34. Kg2 Rf8 35. Rf1 Rxf1 36. Kxf1 e4 37. Bxe4 Ke5 38. Bd5 Nc2 39. Ke2 Kd4 40. Bg8 h6 41. Bh7 Kxc4 42. Bxg6 Nd4+ 43. Kd1 Kb3 44. Kc1 Kxa4 45. Be4 Kb3 46. g4 c4 47. h4 Ne6 48. Bc2+ Kb4 49. Bf5 Nd4 50. Bd7 Nf3 51. h5 Kc5 52. Kc2 b5 53. Bc8 b4 54. Bb7 Ng5 55. b3 c3 56. Kd3 Ne6 57. Be4 Kd6 58. Kc4 Ke5 59. Bh7 Ng5 60. Bf5 Ne4 61. Kd3 Nf6 62. Ke3 Nd5+ 63. Kd3 Kf4 64. Kd4 Ne3 65. Bg6 c2 66. Bf5 0-1

[Event "Chessable English Open-ch 2022"]
[Site "Kenilwoth"]
[Date "2022.05.21"]
[Round "5.15"]
[White "Wells, Daniel J"]
[Black "Pert, Max"]
[Result "1-0"]
[ECO "B01"]
[WhiteElo "2020"]
[BlackElo "1634"]
[Annotator "TA"]
[PlyCount "93"]
[EventDate "2022.05.18"]
[EventType "swiss"]
[EventCountry "ENG"]
[SourceTitle "playchess.com"]
[Source "ChessBase"]
[SourceQuality "1"]
[TimeControl "5400+30"]

1. e4 d5 2. exd5 Nf6 3. d4 Bg4 4. Be2 Bxe2 5. Nxe2 Qxd5 6. O-O Nc6 7. Na3 {[%emt 0:14:24] B01: Scandinavian Defence.} O-O-O 8. c4 Qh5 9. Nc2 {[%emt 0:07:56] The position is equal.} e6 {[%emt 0:02:57] [#]} 10. Nf4 $146 (10. b4) (10. b4 $11) ({Predecessor:} 10. Bf4 g5 11. Bg3 Qg6 12. b4 Ne4 13. b5 Nxg3 14. bxc6 Nxf1 15. cxb7+ Kb8 16. Kxf1 {0-1 (69) Zareba,R (2093)-Janiszewski,M (2129) Jastrzebia Gora 2016}) 10... Qxd1 $17 11. Rxd1 e5 12. Ne2 exd4 ({Better is} 12... Nxd4 $1 13. Ncxd4 c5) 13. Nexd4 Ne5 ({Black should try} 13... Na5 $15) 14. b3 $1 $11 Bc5 (14... c5 15. Bf4 Ng6) (14... c5 $5 15. Bf4 Ng6 $11) 15. Bg5 Rhg8 (15... Rd7 16. Nf5 Ne4) 16. Nf5 Neg4 17. Nce3 {[%emt 0:03:26] And now Rxd8+ would win.} Nxe3 ({Black should play} 17... Rde8 $15) 18. Bxe3 Ba3 {[%emt 0:04:46] [#]} (18... Rxd1+ $11 19. Rxd1 Bb4) 19. Rxd8+ $1 $16 (19. Bxa7 b6 20. Ne3 Kb7 21. Bxb6 Kxb6) ({Avoid the trap} 19. Bxa7 $2 b6 20. Ne3 Bc5 21. Rxd8+ Rxd8 $19) 19... Rxd8 20. Nxg7 Ng4 21. Nf5 (21. Bxa7 Bb2 22. Re1 Bxg7) (21. Rf1) (21. Bxa7 $2 Bb2 22. Re1 Bxg7 $17) (21. Rf1 $1 $14) 21... Nxe3 $11 22. Nxe3 {[%emt 0:01:03][%mdl 4096] Endgame KRB-KRN} Rd2 23. Rd1 Rxa2 24. g4 Bc5 25. Rd3 a5 26. Kg2 Ra3 {[%emt 0:01:25] aiming for ...a4.} 27. Nc2 Ra2 28. Ne3 b6 29. g5 Kb7 (29... a4 $11 30. bxa4 Rxa4) 30. h4 (30. Ng4 $1 $14) 30... Kc6 $2 {[%emt 0:02:50] [#]} (30... a4 $11 {and Black is okay.} 31. bxa4 Rxa4) 31. Ng4 $1 $18 Re2 32. Kf3 {[%emt 0:01:07] Prevents Re4.} (32. Rf3 $18 {has better winning chances.}) 32... Rb2 (32... Rc2) 33. h5 {[%emt 0:00:57][%cal Bh4h5,Bh5h6][%mdl 32] Threatens to win with h6.} Ra2 $2 {[%emt 0:01:23] Black cannot hold the game after this.} (33... b5 $16) 34. h6 Rb2 (34... Rc2 {is a better defense.} 35. Kg2 Be7) 35. Kg3 Bd6+ 36. f4 {[%emt 0:00:35] Strongly threatening Nf6.} Rb1 37. Nf6 Rh1 $2 (37... Rg1+ $2 38. Kh4 $16) (37... a4 38. bxa4 Rg1+ 39. Kh4 Bxf4 40. Nxh7 Be5) 38. Rf3 Rg1+ 39. Kf2 Bc5+ 40. Ke2 Rg2+ (40... Rb1 $142 41. Nxh7 Rb2+ 42. Ke1 Rh2) 41. Kd3 Kd6 42. Nxh7 Rh2 {[%emt 0:00:24] Inhibits Rh3.} 43. Ke4 Ke6 44. f5+ Ke7 45. Nf6 Ba3 46. Kd5 {[%emt 0:01:06] White wants to mate with Re3+.} Bb2 47. Re3+ {[%emt 0:00:15] Weighted Error Value: White=0.22 (precise) /Black=0.62} 1-0

[Event "Chessable English Open-ch 2022"]
[Site "Kenilwoth"]
[Date "2022.05.21"]
[Round "5.16"]
[White "Herring, Samuel"]
[Black "Larkin, Benjamin"]
[Result "1/2-1/2"]
[ECO "A05"]
[WhiteElo "1900"]
[BlackElo "1853"]
[Annotator "TA"]
[PlyCount "92"]
[EventDate "2022.05.18"]
[EventType "swiss"]
[EventCountry "ENG"]
[SourceTitle "playchess.com"]
[Source "ChessBase"]
[SourceQuality "1"]
[TimeControl "5400+30"]

1. Nf3 Nf6 2. g3 g6 3. b3 Bg7 4. Bb2 O-O 5. Bg2 d5 6. O-O c5 7. c4 d4 8. b4 Re8 {[%emt 0:00:02] A05: Réti Opening: 1 Nf3 Nf6.} 9. d3 {[%emt 0:02:23] 9.bxc5 is more advanced technology.} e5 10. bxc5 Na6 11. Nbd2 Nxc5 {[%emt 0:00:02] [#]} 12. Nb3 $146 (12. Ba3 Qa5 (12... Qc7 13. Rb1 h6 14. Nb3 Ne6 15. Nfd2 Bd7 16. e3 dxe3 17. fxe3 Bc6 18. Bxc6 bxc6) 13. Qc1) ({Predecessor:} 12. Ba3 Qc7 13. Rb1 h6 14. Nb3 Ne6 15. Nfd2 Bd7 16. e3 dxe3 17. fxe3 Bc6 18. Bxc6 bxc6 {0-1 (45) Yang,K (2275)-Sorokin,A (2521) Las Vegas 2021}) 12... Na4 13. Ba3 Rb8 (13... Bd7 $5 ) 14. Qc2 Bd7 (14... b5) (14... b5 $15 {keeps the upper hand.}) 15. Bd6 $1 $16 Rc8 16. Bxe5 b5 17. Bxd4 {[%emt 0:06:14] c5 is the strong threat.} bxc4 18. dxc4 Bf5 19. Qc1 Rxe2 20. Nfd2 (20. Rd1 $16) 20... Bh6 {[%emt 0:14:28] [#]} (20... Ng4 21. Bxg7 Kxg7) ({Black should try} 20... Ne4 $14 21. Bxg7 Nxd2) 21. Qa3 $1 Rxd2 22. Bxf6 Qxf6 23. Nxd2 Bxd2 (23... Nc3 $16) 24. Qxa4 $18 Bd3 {[%emt 0:00:03] [#]} 25. Bd5 Bc3 $16 {[%emt 0:01:11] A strong pair of Bishops.} 26. Rad1 ({Worse is} 26. Qd7 Bf5 27. Qxf7+ Qxf7 28. Bxf7+ Kxf7 $17) 26... Bxf1 27. Rxf1 Rc7 (27... Bd4 $14) 28. Qe8+ Kg7 29. Qe4 Re7 30. Qf3 Qxf3 31. Bxf3 $14 {[%emt 0:00:01][%mdl 4096] Endgame KRB-KRB} Re1 32. c5 f5 33. c6 Rxf1+ 34. Kxf1 {[%emt 0:00:04] Threatens to win with c7. KB-KB} Be5 35. Ke2 Kf6 36. Bd5 h5 37. f4 Bc7 38. h4 Bb6 39. a4 Ke7 40. Bg8 {[%emt 0:02:21] Strongly threatening Bh7.} Kf8 41. Bc4 Ke7 42. Bd5 Ba5 43. Bg8 Kf8 44. Bd5 Ke7 45. Ke3 Bb6+ 46. Ke2 Ba5 {[%emt 0:00:37] Weighted Error Value: White=0.11 (very precise) /Black=0.13 (very precise)} 1/2-1/2

[Event "Chessable English Open-ch 2022"]
[Site "Kenilwoth"]
[Date "2022.05.21"]
[Round "6.1"]
[White "Harvey, Marcus R"]
[Black "Hebden, Mark L"]
[Result "0-1"]
[ECO "A69"]
[WhiteElo "2455"]
[BlackElo "2452"]
[Annotator "TA"]
[PlyCount "54"]
[EventDate "2022.05.18"]
[EventType "swiss"]
[EventCountry "ENG"]
[SourceTitle "playchess.com"]
[Source "ChessBase"]
[SourceQuality "1"]
[TimeControl "5400+30"]

1. c4 g6 2. d4 Nf6 3. Nc3 Bg7 4. e4 d6 5. f4 c5 6. d5 O-O 7. Nf3 e6 8. Be2 exd5 9. cxd5 Nbd7 10. O-O Re8 11. Qc2 a6 12. a4 $1 Qa5 {[%emt 0:02:24][%cal Oc5c4] [#] A69: Modern Benoni: Four Pawns Attack with 9...Re8.} 13. Ra3 $146 ({Predecessor:} 13. Bd2 c4 14. h3 Qb6+ 15. Kh1 Nc5 16. Be3 Qb3 17. Qxb3 Nxb3 18. Ra3 Nxe4 19. Nxe4 Rxe4 20. Bxc4 {0-1 (28) Kang,D (1883)-Krnan,T (2432) Aurora 2018}) 13... c4 14. Nd2 Nb6 {[%emt 0:03:35][%cal Rf6d5] White is slightly better.} 15. Kh1 Bd7 16. Nxc4 ({Of course not} 16. Bxc4 Nxc4 17. Nxc4 Qc7 $11) 16... Nxc4 17. Bxc4 Qc5 18. Bd3 Rac8 19. a5 Bb5 $36 {[%emt 0:06:38][%mdl 2048] Black has the initiative.} 20. Nxb5 Qxc2 21. Bxc2 axb5 22. Bd3 Nxe4 {[%emt 0:02:24][%cal Oc8c1,Bf6e4,Be4f2,Bf2g4][%mdl 32] [#] Hoping for ...Rxc1!} 23. Bxb5 Nf2+ 24. Kg1 Bd4 {[%emt 0:00:26] Strongly threatening ...Nd1+.} 25. g3 $2 (25. Bxe8 $11 Nh3+ 26. Kh1 Nf2+ 27. Kg1 Nh3+ 28. Kh1 Nf2+ 29. Kg1) 25... Ng4+ $19 26. Kh1 {[%emt 0:11:34] [#]} Rc2 $1 27. Bxe8 (27. Be3 Rxe3) 27... Rxh2# {[%emt 0:00:37] Weighted Error Value: White=0.81/Black=0.01 (flawless)} 0-1

[Event "Chessable English Open-ch 2022"]
[Site "Kenilwoth"]
[Date "2022.05.21"]
[Round "6.2"]
[White "Arkell, Keith C"]
[Black "Roberson, Peter T"]
[Result "1/2-1/2"]
[ECO "A35"]
[WhiteElo "2367"]
[BlackElo "2421"]
[Annotator "TA"]
[PlyCount "37"]
[EventDate "2022.05.18"]
[EventType "swiss"]
[EventCountry "ENG"]
[SourceTitle "playchess.com"]
[Source "ChessBase"]
[SourceQuality "1"]
[TimeControl "5400+30"]

1. Nf3 c5 2. c4 Nc6 3. Nc3 g6 4. e3 Nf6 5. d4 cxd4 6. exd4 d5 7. cxd5 Nxd5 8. Qb3 e6 9. Bg5 {[%emt 0:07:21] A35: Symmetrical English: 2 Nc3 Nc6 3 Nf3.} Be7 10. Bxe7 Ncxe7 11. Bb5+ {[%emt 0:02:25] The position is equal.} Kf8 12. O-O Kg7 {[%emt 0:00:36] [#]} 13. Bc4 $146 ({Predecessor:} 13. Rac1 Rf8 14. Rfd1 Nf6 15. Ne5 Rb8 16. Be2 {½-½ (50) Jones,G (2660)-Saric,I (2632) Linares 2017}) 13... Nb6 14. Rfd1 Qc7 15. Bd3 Bd7 16. Rac1 Rac8 17. Ne5 Rhd8 18. Qa3 Be8 19. Be4 {[%emt 0:08:22] An even fight not without its subleties.  Weighted Error Value: White=0.08 (flawless) /Black=0.05 (flawless)} ({Reject} 19. Qxa7 Ra8 20. Nb5 Qxc1 21. Rxc1 Rxa7 22. Nxa7 Rxd4 $15) 1/2-1/2

[Event "Chessable English Open-ch 2022"]
[Site "Kenilwoth"]
[Date "2022.05.21"]
[Round "6.3"]
[White "Boswell, Jacob Connor"]
[Black "Willow, Jonah B"]
[Result "1/2-1/2"]
[ECO "A13"]
[WhiteElo "2075"]
[BlackElo "2401"]
[Annotator "TA"]
[PlyCount "242"]
[EventDate "2022.05.18"]
[EventType "swiss"]
[EventCountry "ENG"]
[SourceTitle "playchess.com"]
[Source "ChessBase"]
[SourceQuality "1"]
[TimeControl "5400+30"]

1. Nf3 d5 2. e3 Nf6 3. c4 e6 4. Nc3 Be7 5. b3 O-O 6. Bb2 c5 7. cxd5 Nxd5 8. Nxd5 {[%emt 0:00:58] A13: English Opening: 1...e6.} exd5 9. d4 Nc6 10. Be2 (10. dxc5 {feels hotter.} Bxc5 11. Bd3 Bb4+ 12. Ke2) 10... cxd4 11. Nxd4 Qa5+ 12. Kf1 Nxd4 13. Bxd4 (13. Qxd4 $2 Bf6 14. b4 Bxd4 $19) 13... Bf5 14. Bd3 Be4 15. Bxe4 dxe4 {[%emt 0:01:08] [#]} 16. g3 $146 ({Predecessor:} 16. Qg4 Bf6 17. Qxe4 Qa6+ 18. Kg1 Rfe8 19. Qf4 Bxd4 20. Qxd4 Rad8 21. Qb2 Rd5 22. h4 {1-0 (49) Nakamura,H (2761)-So,W (2754) Abidjan 2019}) 16... Qf5 {[%emt 0:09:46] Against Qg4} 17. Kg2 {[%emt 0:02:25] Prevents Qh3+.} Rfc8 (17... Rac8 $5 ) 18. Qe2 Ba3 19. Rab1 Rc6 20. Bb2 Bxb2 21. Rxb2 Rd8 22. Rbb1 Rcd6 23. Rb2 {[%emt 0:03:29] Against Rd2} g5 24. h3 {[%emt 0:06:07] Against g4} h5 25. Qxh5 Rd2 26. Rxd2 Rxd2 $11 {[%emt 0:00:02][%csl Gd2][%cal Rf5f2][%mdl 4096] [#] Endgame KQR-KQR} 27. Rf1 Rxa2 28. Qd1 a5 29. Qd8+ Kh7 30. g4 Qf3+ 31. Kg1 Qxh3 32. Qxg5 Qh6 33. Qf5+ Qg6 34. Qd7 (34. Qf4 {with more complications.} Kg7 35. Kg2 Qf6 36. Qxe4 b6 37. Qd5) 34... Qe6 (34... b6 {looks sharper.} 35. f4 Re2 36. Rd1 Rxe3 37. Rd6 Rd3) 35. Qxe6 fxe6 {[%emt 0:00:01] KR-KR} 36. Rc1 b5 37. Rc5 b4 38. Re5 Ra3 39. Kg2 ({But not} 39. Rxe4 $2 Rxb3 40. Rxe6 Rb1+ 41. Kg2 b3 $19) 39... Kg7 40. g5 Kg6 41. Kh3 Rxb3 42. Rxa5 Rb2 43. Kg3 Rd2 44. Re5 Rd6 45. Rb5 {[%emt 0:00:55] Prevents Rb6.} Rd5 46. Rxb4 Rxg5+ 47. Kf4 Kf6 48. Rxe4 Rf5+ 49. Kg3 Rg5+ 50. Kf3 Ra5 51. Rb4 Ke5 52. Rh4 {[%emt 0:00:26] [#] White wants to mate with Rh5+.} Ra2 53. Rh5+ Kf6 54. e4 Kg6 55. Rb5 Kf6 56. Kg3 Ra1 57. f3 Ra3 58. Kf4 Ra4 59. Rh5 Kg6 60. Rh8 {[%emt 0:00:30] Ke5 is the strong threat.} Kg7 61. Rb8 Kf6 62. Kg4 Ra1 63. Rb5 Ra4 64. Rb1 Ra2 65. f4 Ra6 (65... Ke7 $11) 66. Rb7 (66. e5+ $16 Ke7 67. Kg5) 66... Ra1 {[%emt 0:00:21] The position is equal.} 67. Rb6 {[%emt 0:00:47] And now f5 would win.} ({Much less strong is} 67. e5+ Kg6 $14) 67... Rg1+ 68. Kf3 {[%emt 0:00:06] Hoping for f5.} Rf1+ 69. Ke3 {[%emt 0:00:01] aiming for f5.} Re1+ 70. Kd3 {[%emt 0:00:01] Black must now prevent f5.} Kf7 71. Kd4 Ra1 72. Rb5 Kf6 73. Rh5 Ra4+ 74. Ke3 Ra3+ 75. Kf2 Rb3 76. Rh6+ Kf7 77. Kg2 Re3 78. e5 Ra3 79. Rh3 Ra2+ 80. Kg3 Kg6 81. Kf3 Ra3+ 82. Kg4 Ra1 83. Rg3 Rf1 84. Rg2 Ra1 ({Don't do} 84... Kf7 85. Ra2 $14) 85. Kf3+ Kf7 86. Rd2 Rf1+ 87. Ke4 Re1+ 88. Kd4 Rf1 89. Ke3 Re1+ 90. Kf2 Ra1 91. Rd8 Ra3 92. Ke2 Rb3 93. Rd3 Rb1 94. Kf3 Rf1+ 95. Kg4 Rg1+ 96. Kh4 Rh1+ 97. Rh3 Rf1 98. Kg4 Rg1+ 99. Kf3 Rf1+ 100. Ke3 Re1+ 101. Kf2 Ra1 102. Rh6 Ra3 103. Rf6+ Ke7 104. Kg2 Rb3 105. Rh6 Kf7 106. Rh3 Rb1 107. Kf3 Rf1+ 108. Ke4 Re1+ 109. Re3 Ra1 110. Rd3 Re1+ 111. Kd4 Kg6 112. Kc5 Kf5 113. Rd4 Ra1 114. Kd6 Ra6+ 115. Ke7 Ra7+ 116. Rd7 Ra6 117. Kf7 Ra4 118. Re7 Rxf4 119. Rxe6 Re4 120. Rf6+ Kxe5 121. Re6+ Kd4 {[%emt 0:00:04] Weighted Error Value: White=0.02 (flawless) /Black=0.02 (flawless)} 1/2-1/2

[Event "Chessable English Open-ch 2022"]
[Site "Kenilwoth"]
[Date "2022.05.21"]
[Round "6.4"]
[White "Royal, Shreyas"]
[Black "Jackson, James P"]
[Result "0-1"]
[ECO "D30"]
[WhiteElo "2385"]
[BlackElo "2400"]
[Annotator "TA"]
[PlyCount "54"]
[EventDate "2022.05.18"]
[EventType "swiss"]
[EventCountry "ENG"]
[SourceTitle "playchess.com"]
[Source "ChessBase"]
[SourceQuality "1"]
[TimeControl "5400+30"]

1. d4 d5 2. c4 e6 3. Nf3 a6 4. g3 dxc4 5. Bg2 Nc6 6. e3 {[%emt 0:00:46] [#] D30: Queen's Gambit Declined: Systems without Nc3.} b5 $146 ({Predecessor:} 6... Rb8 7. Nfd2 Qd7 8. Nxc4 b5 9. Ncd2 Nf6 10. O-O Bb7 11. a4 Be7 12. axb5 axb5 {0-1 (31) Kotsinis,A (2055)-Peng,L (2517) Heraklion 2022}) 7. Ne5 (7. b3 $14) 7... Nxe5 $15 8. Bxa8 (8. O-O $15) 8... Nd3+ $17 9. Kf1 Nf6 ({Better is} 9... e5 $17) 10. Bf3 (10. a4 $1 $11 {remains equal.}) 10... e5 $1 11. dxe5 Bh3+ (11... Nxe5 12. Qxd8+ Kxd8 13. Bg2 $11) 12. Bg2 Qa8 (12... Qd5 $1 $17 13. Rg1 Bxg2+ 14. Rxg2 Qxe5) 13. f3 $15 Bxg2+ 14. Kxg2 Ng4 $36 {[%emt 0:00:00][%mdl 2048] Hoping for ...Ngf2. Black has good play.} 15. Qe2 Bc5 ({Much weaker is} 15... Ngxe5 16. e4 $11) 16. h3 (16. Nc3 $15) 16... Ngxe5 {[%emt 0:00:00] 0x0.001de6d14778dp-1022s more active pieces.} 17. e4 (17. b3 $142) 17... O-O $17 18. Be3 Bxe3 19. Qxe3 Nxb2 {[%emt 0:00:00] ...Rd8 is the strong threat. Pair of Knights!} 20. Nc3 Rd8 {[%emt 0:00:00] And now ...Rd3 would win.} 21. Nd5 {[%emt 0:01:01] [#]} c6 22. Ne7+ Kh8 {[%emt 0:00:00] Threatens to win with ...Rd3.} 23. f4 $2 (23. Rhb1 Nbd3 24. f4) 23... Rd3 $19 24. Qc1 ({Not} 24. Qe2 Qd8 25. Nd5 {[#]} (25. fxe5 $2 Rd2 $19) 25... c3 $1 26. Nxc3 Rd2 27. fxe5 Qd3 $19) (24. Qf2 Qd8 25. Rhe1 (25. fxe5 $2 Rd2 $19) 25... Qxe7 26. fxe5) 24... Qd8 {[%emt 0:00:00] ( -> ...Rd2+). Black is clearly winning.} 25. Rf1 Rd2+ 26. Kh1 {[%emt 0:00:06] [#]} Qd3 $1 27. Qe1 (27. Qxd2 Qxd2) 27... Nf3 {[%emt 0:00:25] Weighted Error Value: White=0.70/Black=0.11 (very precise)} 0-1

[Event "Chessable English Open-ch 2022"]
[Site "Kenilwoth"]
[Date "2022.05.21"]
[Round "6.5"]
[White "Haydon, David L"]
[Black "Pert, Richard G"]
[Result "1/2-1/2"]
[ECO "D73"]
[WhiteElo "2275"]
[BlackElo "2415"]
[Annotator "TA"]
[PlyCount "137"]
[EventDate "2022.05.18"]
[EventType "swiss"]
[EventCountry "ENG"]
[SourceTitle "playchess.com"]
[Source "ChessBase"]
[SourceQuality "1"]
[TimeControl "5400+30"]

1. d4 d5 2. g3 Nf6 3. Bg2 g6 4. c4 dxc4 5. Nf3 Bg7 6. Qa4+ Nfd7 7. Qxc4 {[%emt 0:03:47] The main line 7.Qxc4 scores better than 7.0-0.} O-O 8. O-O Nb6 {[%emt 0:00:22] D73: Fianchetto Grünfeld: 5 Nf3 .} 9. Qd3 Nc6 10. Rd1 Bg4 11. d5 Bxf3 12. Qxf3 e6 $1 13. Nc3 exd5 {[%emt 0:04:14] [#]} 14. Bf4 $146 ({Predecessor:} 14. Qf4 Ne7 15. Ne4 Nf5 16. Nc5 Qe7 17. Nxb7 c5 18. Na5 Qxe2 19. Bf3 Qb5 20. Nb3 {1-0 (53) Farago,S (2279)-Szeberenyi,A (2383) Hungary 2007}) 14... Nd4 15. Qd3 {[%emt 0:01:18] [#]} c6 $1 16. e4 Ne6 {[%emt 0:05:51] Pair of Knights!} (16... dxe4 {feels hotter.} 17. Nxe4 Nd5 18. Bh6 Bxh6 19. Qxd4 Bg7) 17. exd5 Nxf4 18. gxf4 Bxc3 19. bxc3 Nxd5 20. Bxd5 cxd5 21. Qxd5 Qc7 22. Qf3 b6 23. Rd4 Rac8 24. c4 Rfd8 25. Rad1 Rxd4 26. Rxd4 $15 {[%emt 0:00:08][%mdl 4096] Endgame KQR-KQR} Rd8 (26... Qe7 $15) 27. Qe4 Rxd4 28. Qxd4 $11 {[%emt 0:00:06] KQ-KQ} Qc8 29. Qe4 h6 30. Kg2 Qg4+ 31. Kf1 Kh7 32. Qe5 Qd7 33. Qe4 {[%emt 0:03:15] Against Qd3+} Qh3+ 34. Kg1 Qg4+ 35. Kf1 h5 36. f3 Qd7 37. Kg2 Qd2+ 38. Kg3 Qxa2 {[%emt 0:00:20] ...Qa1 is the strong threat.} 39. Qd5 $1 Qa1 {[%emt 0:00:26] Hoping for ...Kg7.} 40. Qxf7+ Qg7 41. Qd5 Qe7 42. Qc6 Kg7 43. Kh3 {[%emt 0:03:13] [#]} (43. h4 $11 {remains equal.}) 43... Qf6 (43... Qf7 $1 $17 44. Kg2 Qxf4 45. Qd7+ Qf7 46. Qd4+ Qf6 47. Qd7+ Qf7 48. Qd4+ Kh7) 44. Qc7+ {[%emt 0:02:11] The position is equal.} Qf7 45. Qe5+ Kh7 {[%emt 0:00:40] aiming for ...Qf5+.} 46. Kg3 Qd7 47. c5 bxc5 48. Qxc5 Kg8 49. Qc4+ Qf7 50. Qc8+ Kh7 51. Qa6 Qe7 52. Kg2 Kg7 53. Kg3 Kf7 54. Qc4+ Kg7 55. Qa6 Qc7 56. Qa1+ Kh7 57. Qa6 Qf7 58. h4 Qe7 59. Kg2 Qd7 60. Kg3 Qc7 61. Kg2 Kh6 62. Qf6 Kh7 63. Qa6 Qf7 64. Kg3 Qe7 65. Kg2 Kg7 66. Kg3 Kh7 67. Kg2 Qc7 68. Kg3 Qe7 69. Kg2 {[%emt 0:00:07] Weighted Error Value: White=0.07 (flawless) /Black=0.06 (flawless)} 1/2-1/2

[Event "Chessable English Open-ch 2022"]
[Site "Kenilwoth"]
[Date "2022.05.21"]
[Round "6.6"]
[White "Wells, Peter K"]
[Black "Wadsworth, Matthew J"]
[Result "1-0"]
[ECO "A11"]
[WhiteElo "2374"]
[BlackElo "2432"]
[Annotator "TA"]
[PlyCount "101"]
[EventDate "2022.05.18"]
[EventType "swiss"]
[EventCountry "ENG"]
[SourceTitle "playchess.com"]
[Source "ChessBase"]
[SourceQuality "1"]
[TimeControl "5400+30"]

1. Nf3 d5 2. g3 Nf6 3. Bg2 c6 4. O-O Bf5 5. c4 e6 6. Qb3 Qb6 7. d3 {[%emt 0:01:48] A11: English Opening: 1...c6.} Qxb3 8. axb3 Nbd7 9. cxd5 {[%emt 0:04:23] White is slightly better.} exd5 10. Bd2 Nc5 11. Nd4 {[%emt 0:05:25] [#] b4 is the strong threat.} Bd7 12. b4 Ne6 13. Nb3 Be7 {[%emt 0:00:47][%cal Bf8e7,Be7d8,Bd8b6][%mdl 32] [#]} 14. e4 $146 ({Predecessor:} 14. Bc3 O-O 15. N1d2 a6 16. Nf3 Rad8 17. Rfc1 Ne8 18. Nfd4 Nxd4 19. Nxd4 Nd6 20. f4 {½-½ (57) Giri,A (2798)-Tomashevsky,E (2728) Wijk aan Zee 2016}) 14... O-O 15. f4 Bd8 16. Nc3 Bb6+ 17. Kh1 dxe4 18. dxe4 Nd4 19. Nxd4 Bxd4 20. h3 Be6 21. e5 Nd5 (21... Nd7 $11) 22. f5 $14 Bc8 {[%emt 0:00:06] White leaves nothing to chance now.} (22... Bd7 $14) 23. Nxd5 $16 cxd5 24. Bc3 ({But not} 24. Bxd5 $6 Rd8 25. Be4 Bxb2 $11) 24... Bxc3 25. bxc3 Re8 26. Rae1 {[%emt 0:00:19] White is more active.} ({Don't play} 26. Bxd5 Rxe5 27. Rfe1 Rxe1+ 28. Rxe1 Bxf5 $14) 26... b5 (26... Bd7 $16) 27. Bxd5 $18 Rb8 28. Kg1 Rb6 29. g4 Kf8 30. Bb3 Re7 31. Rf3 g6 (31... Ra6 $16 32. Rd3 Ra3) 32. f6 Re8 33. Kf2 h6 34. Rd3 Rc6 35. Ree3 g5 $2 (35... Be6) 36. Rd6 Rc7 37. Kg3 Bb7 $2 (37... Bd7 38. Bd5 Kg8) 38. h4 gxh4+ 39. Kxh4 Bc8 40. Kh5 a5 41. bxa5 Ra7 42. a6 Bxa6 43. Kxh6 Bc8 44. Kg5 Ra1 45. Rd4 (45. e6 $142 Bxe6 46. Bxe6) 45... Rg1 46. Rh3 Kg8 {[%emt 0:00:02] Prevents Rh8+.} 47. e6 fxe6 48. Kg6 {[%emt 0:00:08] Intending f7+ and mate.} Rf8 49. f7+ Rxf7 50. Rd8+ Rf8 {[%emt 0:00:07] [#]} 51. Rh8+ $3 {[%emt 0:00:35][%mdl 512] Weighted Error Value: White=0.23 (precise) /Black=0.72} 1-0

[Event "Chessable English Open-ch 2022"]
[Site "Kenilwoth"]
[Date "2022.05.21"]
[Round "6.7"]
[White "Ashton, Adam G"]
[Black "Hepworth, Peter"]
[Result "1-0"]
[ECO "C13"]
[WhiteElo "2366"]
[BlackElo "1843"]
[Annotator "TA"]
[PlyCount "59"]
[EventDate "2022.05.18"]
[EventType "swiss"]
[EventCountry "ENG"]
[SourceTitle "playchess.com"]
[Source "ChessBase"]
[SourceQuality "1"]
[TimeControl "5400+30"]

1. e4 e6 2. d4 d5 3. Nc3 Nf6 4. Bg5 dxe4 5. Nxe4 Nbd7 6. Nf3 h6 7. Bxf6 Nxf6 {[%emt 0:00:16] C13: French: Classical System: 4 Bg5 Be7, Alekhine-Chatard Attack.} 8. Bd3 Be7 9. c3 {[%emt 0:10:28] [#]} a6 $146 {[%emt 0:01:46] White has an edge.} ({Predecessor:} 9... O-O 10. Nxf6+ Bxf6 11. Qe2 Qd6 12. h4 Rd8 13. O-O-O Bd7 14. Kb1 Ba4 15. Rd2 c5 16. dxc5 Qxc5 {½-½ (67) Yu,Y (2675)-Goloshchapov,A (2586) Dubai 2014}) 10. Ne5 O-O 11. Qf3 (11. Nxf6+ {feels hotter.} Bxf6 12. Qf3 Qd5 13. Be4) 11... Nxe4 12. Qxe4 {[%emt 0:00:43][%csl Gd3][%cal Re4h7] [#]} f5 13. Qe2 $36 {[%emt 0:00:39][%mdl 2048] White has some pressure. White is more active.} Bd6 14. O-O-O Bxe5 15. dxe5 (15. Qxe5 $16 b5 16. Bc2) 15... b5 (15... Qg5+ $11 16. Qe3 Qxe3+ 17. fxe3 b5) 16. f4 $14 Qe7 17. g4 Bb7 18. Rhg1 Kh7 $2 (18... Rad8 $16 {is more resistant.}) 19. gxf5 $18 exf5 20. Rg3 (20. Qg4 $1 $18) 20... Qh4 $2 (20... g6 $16) 21. Rg4 Qh3 {[%emt 0:04:29] [#] ...Bf3 is the strong threat.} 22. Rdg1 $1 Kh8 23. Rxg7 {[%emt 0:02:45] Strongly threatening e6.} Qh4 24. Qe3 {[%emt 0:06:16] e6 would kill now.} Rg8 25. Rxg8+ Rxg8 26. Rxg8+ Kxg8 27. e6 {[%emt 0:01:38] Black must now prevent e7.} Kf8 (27... Bc6 $142 28. Bxf5 (28. Qe5 Qxh2 29. e7 Qg1+ 30. Kd2 Qg2+ 31. Be2 Kf7 $16) 28... Be8) 28. Bxf5 {[%emt 0:01:02] Hoping for Qe5.} Ke7 (28... Qf6 $18 29. Bg4 Bc6) 29. Qc5+ Kf6 30. Qf8# {[%emt 0:00:14] Weighted Error Value: White=0.36/Black=1.03} 1-0